 Dungeon Crawl Stone Soup version 0.28-a0-556-gab23d0e057 (webtiles) character file.

5 BR41ND34D the Caller (level 1, 9/13 HPs)
             Began as a Barachi Summoner on Mar 30, 2017.
             Quit the game on level 1 of the Dungeon on Sept 28, 2021.
             The game lasted 00:01:52 (77 turns).

BR41ND34D the Caller (Barachi Summoner)               Turns: 77, Time: 00:01:53

Health: 9/13       AC:  2    Str:  9    XL:     1   Next: 80%
Magic:  3/3        EV: 12    Int: 15    God:
Gold:   24         SH:  0    Dex: 12    Spells: 3/4 levels left

rFire   . . .      SeeInvis .   (no weapon)
rCold   . . .      Faith    .   (no shield)
rNeg    . . .      Spirit   .   a - +0 robe
rPois   .          Reflect  .   (no helmet)
rElec   .          Harm     .   (no cloak)
rCorr   .          Rampage  .   (no gloves)
Will    .....                   (no boots)
Stlth   ++........              (no amulet)
HPRegen 0.04/turn               (no ring)
MPRegen 0.08/turn               (no ring)

@: slow
A: amphibious, slowness 1, strong legs 1, +LOS
a: Hop


You were on level 1 of the Dungeon.
You visited 1 branch of the dungeon, and saw 1 of its levels.

You collected 24 gold pieces.

Inventory:

Armour
 a - a +0 robe (worn)
Scrolls
 d - a scroll of removedness
Comestibles
 c - a removed food


   Skills:
 + Level 2.3 Dodging
 + Level 1.7 Stealth
 * Level 2.3 Spellcasting
 * Level 5.0 Summonings


You had 3 spell levels left.
You knew the following spells:

 Your Spells              Type           Power      Damage    Failure   Level
a - Summon Small Mammal   Summ           64%        N/A       2%          1

Your spell library contained the following spells:

 Spells                   Type           Power      Damage    Failure   Level
 Call Canine Familiar     Summ           16%        N/A       9%          3
 Summon Guardian Golem    Hex/Summ       9%         N/A       22%         3


Dungeon Overview and Level Annotations

Branches:
Dungeon (1/15)

Altars:


Innate Abilities, Weirdness & Mutations

You are amphibious.
You cover ground slowly.
You can hop short distances.
You have an extended range of vision and can be seen from far away.


Message History

Boing!
Your bat barely misses the rat.
Your bat closely misses the rat.
The rat barely misses your bat.
Your rat bites the rat.
Your bat barely misses the rat.
Your bat hits the rat but does no damage.
Your bat hits the rat but does no damage.
Your bat hits the rat.
The rat dies!
Your bat hits the rat but does no damage.
Your bat hits the rat. You closely miss the rat.
The rat is moderately wounded.
Your bat hits the rat.
Your bat closely misses the rat.
The rat bites you.
You hit the rat but do no damage.
The rat is severely wounded.
Your bat misses the rat. The rat misses you.
Your rat bites the rat.
The rat dies!
Your Summonings skill increases to level 5!
You swap places.
d - a scroll labeled OZETOT PENOUH Your rat disappears in a puff of smoke!
You now have 10 gold pieces.
You start resting.
Your bat disappears in a puff of smoke!
You are ready to hop once more.
You now have 24 gold pieces (gained 14).
You see here a rat corpse. 2 rats come into view.
Things that are here:
a bat corpse; a rat corpse A rat comes into view. 2 rats come into view.
The rat closely misses you. The rat closely misses you.
The rat barely misses you. The rat bites you but does no damage.
The rat bites you.
You pick up a book of Callings and begin reading...
You add the spells Summon Small Mammal, Call Canine Familiar and Summon Guardian Golem to your library.
Welcome back, BR41ND34D the Barachi Summoner.
Press ? for a list of commands and other information.
Unknown command.
Are you sure you want to abandon this character and quit the game? (Confirm with "yes".)

.....#......
...#.#.....##
............##
.............# #########
#.......# ##....$..##
#.......#
##.........###......##
#......r....##.....######
...r..(r@...††#<........#
#r.....rr...##...######.#
##.........###...#
##....$..## #...#
######### #...# ..###
...# #.### ..


You could see 6 rats.

Vanquished Creatures (collateral kills)
  2 bats (D:1)
  6 rats (D:1)
8 creatures vanquished.

Notes
Turn   | Place    | Note
-------+----------+-------------------------------------------
     0 | D:1      | BR41ND34D the Barachi Summoner began the quest for the Orb.
     0 | D:1      | Reached XP level 1. HP: 13/13 MP: 3/3
    42 | D:1      | Reached skill level 5 in Summonings
    77 | D:1      | Quit the game

Illustrated notes

Levels and vault maps discovered:
D:1:      erik_arrival_orb_chamber

Skill      XL: |  1 |
---------------+----+-----
Summonings     | 5 |  5.0
Dodging        | |  2.3
Stealth        | |  1.7
Spellcasting   | |  2.3

Action                   || total
-------------------------++-------
Melee: Unarmed           ||    10
 Cast: Summon Small Mamm ||     3
 Abil: Heal Wounds       ||     1
Armor: Robe              ||     2
Dodge: Dodged            ||    14

Table legend: (Time is in decaauts)
 A = Elapsed time spent in this place.
 B = Non-inter-level travel time spent in this place.
 C = Inter-level travel time spent in this place.
 D = Time resting spent in this place.
 E = Time spent auto-exploring this place.
 F = Levels seen in this place.
 G = Mean time per level.
                   A        B        C        D        E       F      G
               +--------+--------+--------+--------+--------+-----+--------+
         Total |     71 |     71 |      0 |      2 |      0 |   1 |   71.0 |
       Dungeon |     71 |     71 |      0 |      2 |      0 |   1 |   71.0 |
               +--------+--------+--------+--------+--------+-----+--------+
